3A-
FRANKLIN FIRE @ BALLARD BEAVERS
05/11/2050
 
TOP OF THE 1ST
Franklin Fire batting - Pitching for Ballard Beavers : LHP Nick Stewart
Pitching: LHP Nick Stewart
Batting: RHB Roberto Rojas 0-0: Ball
1-0: Ball
2-0: Called Strike
2-1: Foul Ball, location: 2F
2-2: Strikes out swinging
Batting: RHB Bob Walker 0-0: Foul Ball, location: 2F
0-1: Called Strike
0-2: Ball
1-2: Strikes out swinging
Batting: RHB Steven Bailey 0-0: Called Strike
0-1: Called Strike
0-2: Foul Ball, location: 2F
0-2: Ball
1-2: Ball
2-2: Ball
3-2: DOUBLE (Flyball, 8LXD, EV 98.8 MPH)
Batting: RHB Johnny Taylor 0-0: Ball
1-0: Ball
2-0: Called Strike
2-1: Called Strike
2-2: Ground out 6-3 (Groundball, 6, EV 90.0 MPH)
Top of the 1st over - 0 runs, 1 hit, 0 errors, 1 left on base; Franklin 0 - Ballard 0
BOTTOM OF THE 1ST
Ballard Beavers batting - Pitching for Franklin Fire : LHP Joop Korendijk
Pitching: LHP Joop Korendijk
Batting: RHB Mark Holland 0-0: Foul Ball, location: 2F
0-1: Foul Ball, location: 2F
0-2: Hit by Pitch
Batting: RHB Matt Brigatti 0-0: Called Strike
0-1: Grounds into double play, 4-6-3 (Groundball, 34, EV 107.5 MPH)
Batting: SHB Lenny Hacking 0-0: Ball
1-0: Ball
2-0: DOUBLE (Line Drive, 5D, EV 99.4 MPH)
Batting: RHB Arturo Llanet 0-0: Ball
1-0: Ball
2-0: Ball
3-0: Called Strike
3-1: Foul Ball, location: 2F
3-2: Foul Ball, location: 2F
3-2: 2-RUN HOME RUN (Line Drive, 7LD, EV 94.4 MPH), Distance : 353 ft
Batting: RHB Hsueh-liang Kam 0-0: Ball
1-0: Ball
2-0: Called Strike
2-1: Called Strike
2-2: Ball
3-2: Foul Ball, location: 2F
3-2: Fly out, F8 (Flyball, 8RM, EV 83.8 MPH)
Bottom of the 1st over - 2 runs, 2 hits, 0 errors, 0 left on base; Franklin 0 - Ballard 2
TOP OF THE 2ND
Franklin Fire batting - Pitching for Ballard Beavers : LHP Nick Stewart
Batting: RHB Cisco Ríos 0-0: Ball
1-0: SOLO HOME RUN (Flyball, 7LD, EV 96.9 MPH), Distance : 364 ft
Batting: RHB Jim Hrnjak 0-0: DOUBLE (Groundball, 5L, EV 103.8 MPH)
Batting: RHB Robert Newman 0-0: Called Strike
0-1: Called Strike
0-2: Ball
1-2: Foul Ball, location: 2F
1-2: Strikes out swinging
Batting: LHB Theodore Daniels 0-0: Ball
1-0: Called Strike
1-1: Called Strike
1-2: Strikes out swinging
Batting: RHB Donald Tucker 0-0: Ball
1-0: SINGLE (Groundball, 56, EV 105.0 MPH) (infield hit)
Jim Hrnjak to third
Batting: RHB Roberto Rojas 0-0: Called Strike
0-1: Ball
1-1: Foul Ball, location: 2F
1-2: Fly out, F9 (Flyball, 89S, EV 90.6 MPH)
Top of the 2nd over - 1 run, 3 hits, 0 errors, 2 left on base; Franklin 1 - Ballard 2
BOTTOM OF THE 2ND
Ballard Beavers batting - Pitching for Franklin Fire : LHP Joop Korendijk
Batting: LHB James Cabiles 0-0: Ground out 6-3 (Groundball, 6, EV 88.1 MPH)
Batting: RHB Isagani Pisano 0-0: Called Strike
0-1: Ball
1-1: Ball
2-1: Foul Ball, location: 2F
2-2: Foul Ball, location: 2F
2-2: Ball
3-2: Ground out 6-3 (Groundball, 6, EV 90.0 MPH)
Batting: RHB Il-young Kim 0-0: Fly out, F7 (Flyball, 7S, EV 91.2 MPH)
Bottom of the 2nd over - 0 runs, 0 hits, 0 errors, 0 left on base; Franklin 1 - Ballard 2
TOP OF THE 3RD
Franklin Fire batting - Pitching for Ballard Beavers : LHP Nick Stewart
Batting: RHB Bob Walker 0-0: Called Strike
0-1: Ball
1-1: Called Strike
1-2: Foul Ball, location: 2F
1-2: Reached on error, E5 (Groundball, 25, EV 73.1 MPH)
Batting: RHB Steven Bailey 0-0: Ball
1-0: Ball
2-0: Called Strike
2-1: Swinging Strike
2-2: Strikes out swinging
Batting: RHB Johnny Taylor 0-0: Called Strike
0-1: Ball
1-1: Ball
2-1: Ball
3-1: Foul Ball, location: 2F
3-2: 2-RUN HOME RUN (Flyball, 78XD, EV 111.2 MPH), Distance : 431 ft
Batting: RHB Cisco Ríos 0-0: Foul Ball, location: 2F
0-1: Ball
1-1: Foul Ball, location: 2F
1-2: Ball
2-2: Ground out 6-3 (Groundball, 6, EV 96.2 MPH)
Batting: RHB Jim Hrnjak 0-0: Ball
1-0: Ball
2-0: Ball
3-0: Called Strike
3-1: Fly out, F7 (Flyball, 8LM, EV 86.9 MPH)
Top of the 3rd over - 2 runs, 1 hit, 1 error, 0 left on base; Franklin 3 - Ballard 2
BOTTOM OF THE 3RD
Ballard Beavers batting - Pitching for Franklin Fire : LHP Joop Korendijk
Batting: LHB Miguel González 0-0: Ball
1-0: SINGLE (Groundball, 34D, EV 98.1 MPH)
Batting: RHB Mark Holland 0-0: Foul Ball, location: 2F
0-1: Ball
1-1: Foul Ball, location: 2F
1-2: Strikes out swinging
Batting: RHB Matt Brigatti 0-0: Called Strike
0-1: Ball
1-1: Fly out, F8 (Flyball, 8RM, EV 91.9 MPH)
Batting: SHB Lenny Hacking 0-0: Ball
1-0: Ball
2-0: Ball
3-0: Called Strike
3-1: Base on Balls
Miguel González to second
Batting: RHB Arturo Llanet 0-0: Foul Ball, location: 2F
0-1: Ball
1-1: Ball
2-1: Fly out, F6 (Popup, 6S, EV 76.9 MPH)
Bottom of the 3rd over - 0 runs, 1 hit, 0 errors, 2 left on base; Franklin 3 - Ballard 2
TOP OF THE 4TH
Franklin Fire batting - Pitching for Ballard Beavers : LHP Nick Stewart
Batting: RHB Robert Newman 0-0: Ball
1-0: Ball
2-0: Foul Ball, location: 2F
2-1: Swinging Strike
2-2: Foul Ball, location: 2F
2-2: Strikes out looking
Batting: LHB Theodore Daniels 0-0: Called Strike
0-1: Foul Ball, location: 2F
0-2: Foul Ball, location: 2F
0-2: Strikes out swinging
Batting: RHB Donald Tucker 0-0: Called Strike
0-1: Ball
1-1: Swinging Strike
1-2: Strikes out swinging
Top of the 4th over - 0 runs, 0 hits, 0 errors, 0 left on base; Franklin 3 - Ballard 2
BOTTOM OF THE 4TH
Ballard Beavers batting - Pitching for Franklin Fire : LHP Joop Korendijk
Batting: RHB Hsueh-liang Kam 0-0: Ball
1-0: Fly out, F7 (Flyball, 7D, EV 94.4 MPH)
Batting: LHB James Cabiles 0-0: Called Strike
0-1: Ball
1-1: Foul Ball, location: 2F
1-2: Strikes out swinging
Batting: RHB Isagani Pisano 0-0: Foul Ball, location: 2F
0-1: Called Strike
0-2: Ball
1-2: Ball
2-2: Ball
3-2: Base on Balls
Batting: RHB Il-young Kim 0-0: Swinging Strike
0-1: Swinging Strike
0-2: Ball
1-2: Strikes out swinging
Bottom of the 4th over - 0 runs, 0 hits, 0 errors, 1 left on base; Franklin 3 - Ballard 2
TOP OF THE 5TH
Franklin Fire batting - Pitching for Ballard Beavers : LHP Nick Stewart
Batting: RHB Roberto Rojas 0-0: Called Strike
0-1: Swinging Strike
0-2: Ball
1-2: Foul Ball, location: 2F
1-2: Ball
2-2: Strikes out swinging
Batting: RHB Bob Walker 0-0: Ball
1-0: Swinging Strike
1-1: Ball
2-1: Ground out 6-3 (Groundball, 6, EV 76.2 MPH)
Batting: RHB Steven Bailey 0-0: Ball
1-0: Ball
2-0: Ball
3-0: Called Strike
3-1: Fly out, F8 (Line Drive, 78M, EV 92.5 MPH)
Top of the 5th over - 0 runs, 0 hits, 0 errors, 0 left on base; Franklin 3 - Ballard 2
BOTTOM OF THE 5TH
Ballard Beavers batting - Pitching for Franklin Fire : LHP Joop Korendijk
Batting: LHB Miguel González 0-0: Called Strike
0-1: Ball
1-1: Ball
2-1: Ball
3-1: Ground out 4-3 (Groundball, 4, EV 79.4 MPH)
Batting: RHB Mark Holland 0-0: Ball
1-0: Called Strike
1-1: Fly out, F4 (Popup, 4S, EV 76.2 MPH)
Batting: RHB Matt Brigatti 0-0: Foul Ball, location: 2F
0-1: Foul Ball, location: 2F
0-2: DOUBLE (Line Drive, 78D, EV 111.2 MPH)
Batting: SHB Lenny Hacking 0-0: Fly out, F8 (Line Drive, 8LM, EV 88.1 MPH)
Bottom of the 5th over - 0 runs, 1 hit, 0 errors, 1 left on base; Franklin 3 - Ballard 2
TOP OF THE 6TH
Franklin Fire batting - Pitching for Ballard Beavers : LHP Nick Stewart
Batting: RHB Johnny Taylor 0-0: Ball
1-0: Called Strike
1-1: Ball
2-1: Foul Ball, location: 2F
2-2: SINGLE (Groundball, 6MS, EV 71.2 MPH) (infield hit)
Batting: RHB Cisco Ríos 0-0: Ball
1-0: Ball
2-0: Ball
3-0: Called Strike
3-1: Foul Ball, location: 2F
3-2: Base on Balls
Johnny Taylor to second
Batting: RHB Jim Hrnjak 0-0: Swinging Strike
0-1: Ball
1-1: Foul Ball, location: 2F
1-2: Strikes out swinging
Pitching: RHP Archie Locke
Batting: RHB Robert Newman 0-0: Called Strike
0-1: Foul Ball, location: 2F
0-2: Ball
1-2: Strikes out swinging
Batting: LHB Theodore Daniels 0-0: Called Strike
0-1: Foul Ball, location: 2F
0-2: Strikes out looking
Top of the 6th over - 0 runs, 1 hit, 0 errors, 2 left on base; Franklin 3 - Ballard 2
BOTTOM OF THE 6TH
Ballard Beavers batting - Pitching for Franklin Fire : LHP Joop Korendijk
Batting: RHB Arturo Llanet 0-0: Ball
1-0: SINGLE (Groundball, 4MD, EV 106.2 MPH)
Batting: RHB Hsueh-liang Kam 0-0: Fly out, F8 (Line Drive, 8RM, EV 95.0 MPH)
Batting: RHB Otis Elliott 0-0: Ball
1-0: Swinging Strike
1-1: SINGLE (Groundball, 6D, EV 98.8 MPH)
Arturo Llanet to second
Batting: RHB Isagani Pisano 0-0: Hit by Pitch
Arturo Llanet to third
Otis Elliott to second
Batting: RHB Il-young Kim 0-0: Ball
1-0: Ball
2-0: Called Strike
2-1: Swinging Strike
2-2: Ball
3-2: Grounds into fielders choice 6-2 (Groundball, 6, EV 91.9 MPH)
Otis Elliott to third
Isagani Pisano to second
Pinch Hitting: LHB Nakamaro Kato 0-0: Ball
1-0: Ball
2-0: Ball
3-0: Base on Balls
Otis Elliott scores
Isagani Pisano to third
Il-young Kim to second
Batting: RHB Mark Holland 0-0: Ball
1-0: Called Strike
1-1: Called Strike
1-2: Fly out, F4 (Popup, 23, EV 86.2 MPH)
Bottom of the 6th over - 1 run, 2 hits, 0 errors, 3 left on base; Franklin 3 - Ballard 3
TOP OF THE 7TH
Franklin Fire batting - Pitching for Ballard Beavers : RHP Archie Locke
Now in RF: José Vargas
Batting: RHB Donald Tucker 0-0: Fly out, F9 (Flyball, 89M, EV 84.4 MPH)
Batting: RHB Roberto Rojas 0-0: Ball
1-0: Foul Ball, location: 2F
1-1: Ball
2-1: Swinging Strike
2-2: Ball
3-2: Fly out, F6 (Line Drive, 6, EV 67.5 MPH)
Batting: RHB Bob Walker 0-0: Ball
1-0: Ball
2-0: Called Strike
2-1: Ball
3-1: DOUBLE (Flyball, 78D, EV 90.0 MPH)
Batting: RHB Steven Bailey 0-0: Called Strike
0-1: Ball
1-1: Ball
2-1: Foul Ball, location: 2F
2-2: Strikes out swinging, 2-3 out at first.
Top of the 7th over - 0 runs, 1 hit, 0 errors, 1 left on base; Franklin 3 - Ballard 3
BOTTOM OF THE 7TH
Ballard Beavers batting - Pitching for Franklin Fire : LHP Joop Korendijk
Batting: RHB Matt Brigatti 0-0: Foul Ball, location: 2F
0-1: Swinging Strike
0-2: Ball
1-2: Foul Ball, location: 2F
1-2: Foul Ball, location: 2F
1-2: Foul Ball, location: 2F
1-2: Ball
2-2: Ball
3-2: Foul Ball, location: 2F
3-2: Base on Balls
Pitching: LHP Cristián Colón
Batting: SHB Lenny Hacking 0-0: Ball
1-0: Ball
2-0: Ball
3-0: Base on Balls
Matt Brigatti to second
Batting: RHB Arturo Llanet 0-0: SINGLE (Groundball, 6D, EV 95.0 MPH)
Matt Brigatti to third
Lenny Hacking to second
Batting: RHB Hsueh-liang Kam 0-0: Called Strike
0-1: Foul Ball, location: 2F
0-2: Strikes out swinging
Batting: RHB Otis Elliott 0-0: Ball
1-0: Called Strike
1-1: Ball
2-1: DOUBLE (Flyball, 89D, EV 94.4 MPH)
Matt Brigatti scores
Lenny Hacking scores
Arturo Llanet to third
Batting: RHB Isagani Pisano 0-0: Ball
1-0: Fly out, F7 (Flyball, 7LS, EV 88.8 MPH)
Batting: RHB Il-young Kim 0-0: Ball
1-0: Foul Ball, location: 2F
1-1: Swinging Strike
1-2: Ball
2-2: Strikes out swinging
Bottom of the 7th over - 2 runs, 2 hits, 0 errors, 2 left on base; Franklin 3 - Ballard 5
TOP OF THE 8TH
Franklin Fire batting - Pitching for Ballard Beavers : RHP Archie Locke
Batting: RHB Johnny Taylor 0-0: Ball
1-0: Called Strike
1-1: Foul Ball, location: 2F
1-2: Foul Ball, location: 2F
1-2: Ball
2-2: Foul Ball, location: 2F
2-2: Ball
3-2: Foul Ball, location: 2F
3-2: SINGLE (Groundball, 4M, EV 105.0 MPH)
Pitching: RHP Scott Bishop
Batting: RHB Cisco Ríos 0-0: Called Strike
0-1: Ball
1-1: Ball
2-1: Swinging Strike
2-2: Foul Ball, location: 2F
2-2: Strikes out looking
Pinch Hitting: RHB Lucas Robles 0-0: Fly out, F9 (Flyball, 9LM, EV 88.8 MPH)
Batting: RHB Robert Newman 0-0: Foul Ball, location: 2F
0-1: Ball
1-1: Swinging Strike
1-2: Ball
2-2: Ball
3-2: Fly out, F9 (Flyball, 89M, EV 89.4 MPH)
Top of the 8th over - 0 runs, 1 hit, 0 errors, 1 left on base; Franklin 3 - Ballard 5
BOTTOM OF THE 8TH
Ballard Beavers batting - Pitching for Franklin Fire : LHP Cristián Colón
Now at 1B: Matt Chandler
Batting: RHB José Vargas 0-0: Foul Ball, location: 2F
0-1: Ball
1-1: SINGLE (Groundball, 4D, EV 100.6 MPH)
Batting: RHB Mark Holland 0-0: Sac Bunt to 15 - play at first, batter safe!
José Vargas to second
Batting: RHB Matt Brigatti 0-0: Foul Ball, location: 2F
0-1: Ball
1-1: Ball
2-1: Foul Ball, location: 2F
2-2: Ball
Passed Ball!
José Vargas to third
Mark Holland to second
3-2: Base on Balls
Batting: SHB Lenny Hacking 0-0: Called Strike
0-1: GRAND SLAM HOME RUN (Flyball, 78XD, EV 105.6 MPH), Distance : 429 ft
Pitching: RHP Simon Crosby
Batting: RHB Arturo Llanet 0-0: Ball
1-0: Foul Ball, location: 2F
1-1: Called Strike
1-2: Strikes out swinging
Batting: RHB Hsueh-liang Kam 0-0: Ball
1-0: Ball
2-0: Called Strike
2-1: Ground out 6-3 (Groundball, 6, EV 106.9 MPH)
Batting: RHB Otis Elliott 0-0: Fly out, F8 (Flyball, 8RM, EV 92.5 MPH)
Bottom of the 8th over - 4 runs, 3 hits, 0 errors, 0 left on base; Franklin 3 - Ballard 9
TOP OF THE 9TH
Franklin Fire batting - Pitching for Ballard Beavers : RHP Scott Bishop
Batting: LHB Theodore Daniels 0-0: Foul Ball, location: 2F
0-1: Foul Ball, location: 2F
0-2: Fly out, F7 (Line Drive, 78M, EV 111.9 MPH)
Pinch Hitting: LHB Clint O'Toole 0-0: Called Strike
0-1: Swinging Strike
0-2: SINGLE (Line Drive, 34D, EV 94.4 MPH)
Batting: RHB Roberto Rojas 0-0: Ball
1-0: Called Strike
1-1: Foul Ball, location: 2F
1-2: Reached on error, E6 (Groundball, 6, EV 101.2 MPH)
Clint O'Toole to second
Batting: RHB Bob Walker 0-0: Ball
1-0: Called Strike
1-1: Swinging Strike
1-2: Strikes out looking
Batting: RHB Steven Bailey 0-0: Ball
1-0: Foul Ball, location: 2F
1-1: Ball
2-1: Ball
3-1: Base on Balls
Clint O'Toole to third
Roberto Rojas to second
Batting: RHB Johnny Taylor 0-0: Foul Ball, location: 2F
0-1: Foul Ball, location: 2F
0-2: Strikes out swinging
Top of the 9th over - 0 runs, 1 hit, 1 error, 3 left on base; Franklin 3 - Ballard 9
Friday, March 31st , 2023 - OOTP Baseball 23.10 Build 110